 Dungeon Crawl Stone Soup version 0.26.0-57-g60708a5e39 (webtiles) character file.

Game seed: 4816670594778324435

1301440 Cykl0x the Minotaur Barricade (level 27, -2/273 HPs)
             Began as a Minotaur Fighter on Jan 31, 2021.
             Was the Champion of the Shining One.
             Slain by a seraph
             ... wielding a +4 great sword of flaming
              (27 damage)
             ... in Pandemonium on Feb 1, 2021.
             The game lasted 05:35:00 (110168 turns).

Cykl0x the Minotaur Barricade (Minotaur Fighter)  Turns: 110168, Time: 05:35:00

Health: -2/273     AC: 40    Str: 34    XL:     27
Magic:  35/35      EV: 30    Int: 10    God:    the Shining One [******]
Gold:   17059      SH: 44    Dex: 19    Spells: 17/38 levels left

rFire    + + .     SeeInvis +   c - +10 zealot's sword {holy, *Rage rN+ EV+3}
rCold    + + +     Faith    .   s - +10 tower shield of Ignorance {rN+ Int-4}
rNeg     + + +     Spirit   .   j - +9 gold dragon scales
rPois    +         Reflect  +   (helmet restricted)
rElec    +         Harm     .   p - scarf {rC+ rF+}
rCorr    +         Rampage  .   b - +0 pair of gloves of Dim Light {Dex+2}
Will     ++...     Rnd*Rage +   h - +0 pair of boots "Asajy" {rCorr Str+6 SInv Stlth-} (curse)
Stlth    ..........             z - amulet "Jut Hihu" {Reflect rElec Dex+4 Slay-3 SH+5}
HPRegen  0.55/turn              E - +6 ring of intelligence
MPRegen  0.24/turn              f - ring of the Furies {rC+ rN+ Slay+3}

@: about to teleport, berserk cooldown, slowed, glowing, very slow
A: retaliatory headbutt, beak, claws 1, horns 2, berserk 1, clever 1, low mp 1,
screaming 1, electricity resistance, weak 1, no potion heal 1
}: 12/15 runes: decaying, serpentine, silver, obsidian, icy, bone, abyssal,
demonic, glowing, magical, fiery, dark
a: Renounce Religion, Divine Shield, Cleansing Flame, Summon Divine Warrior,
Brand Weapon With Holy Wrath


You were in Pandemonium.
You worshipped the Shining One.
The Shining One was exalted by your worship.
You visited 14 branches of the dungeon, and saw 70 of its levels.
You visited Pandemonium 1 time, and saw 18 of its levels.
You visited the Abyss 2 times.
You also visited: Desolation.

You collected 20664 gold pieces.
You spent 3573 gold pieces at shops.
You donated 32 gold pieces to Zin.

Inventory:

Hand Weapons
 c - the +10 zealot's sword (weapon) {holy, *Rage rN+ EV+3}
   (You bought it in a shop on level 12 of the Dungeon)

   It has been blessed by the Shining One to cause great damage to the undead
   and demons.
   It affects your evasion (+3).
   It protects you from negative energy.
   It may make you go berserk in combat.
 R - the +6 sword of Cerebov {flame}
   (You took it off Cerebov in Pandemonium)

   It has been specially enchanted to burn those struck by it, causing extra
   injury to most foes and up to half again as much damage against particularly
   susceptible opponents.
   Big, fiery blades are also staple armaments of hydra-hunters.
   The Shining One disapproves of the use of such an item.
Missiles
 x - 7 boomerangs (quivered)
 P - 11 javelins
Armour
 b - the +0 pair of gloves of Dim Light (worn) {Dex+2}
   (You found it on level 5 of the Vaults)

   It affects your dexterity (+2).
 h - the cursed +0 pair of boots "Asajy" (worn) {rCorr Str+6 SInv Stlth-}
   (You found it in Pandemonium)

   It affects your strength (+6).
   It lets you see invisible.
   It provides partial protection from all sources of acid and corrosion.
   It makes you less stealthy.
   It has a curse placed upon it.
 j - +9 gold dragon scales (worn)
 p - a scarf of resistance (worn)
 s - the +10 tower shield of Ignorance (worn) {rN+ Int-4}
   (You acquired it on level 5 of the Depths)

   It affects your intelligence (-4).
   It protects you from negative energy.
Jewellery
 e - an uncursed amulet of reflection
 f - the ring of the Furies (right hand) {rC+ rN+ Slay+3}
   (You found it on level 3 of the Crypt)

   [ring of positive energy]

   It affects your accuracy and damage with ranged weapons and melee attacks
   (+3).
   It protects you from cold.
   It protects you from negative energy.
 q - a +6 ring of dexterity
 r - an uncursed ring of resist corrosion
 u - the ring of Wesiggex {rPois Dex+4 Slay+3 Stlth+}
   (You found it on level 3 of the Elven Halls)

   [ring of stealth]

   It affects your dexterity (+4).
   It affects your accuracy and damage with ranged weapons and melee attacks
   (+3).
   It protects you from poison.
   It makes you more stealthy.
 w - an uncursed ring of flight
 z - the amulet "Jut Hihu" (around neck) {Reflect rElec Dex+4 Slay-3 SH+5}
   (You found it on level 7 of Tartarus)

   [amulet of reflection]

   It shields you and reflects attacks.
   It affects your dexterity (+4).
   It affects your accuracy and damage with ranged weapons and melee attacks
   (-3).
   It insulates you from electricity.
   It affects your SH (+5).
 C - the ring of Xom's Ringing Laughter {rElec EV+4}
   (You acquired it on level 3 of the Crypt)

   [ring of evasion]

   It affects your evasion (+4).
   It insulates you from electricity.
 E - a +6 ring of intelligence (left hand)
 F - the ring "Tune" {*Slow rElec rC+ Will+++ Int+4}
   (You acquired it in Pandemonium)

   [ring of protection from cold]

   It affects your intelligence (+4).
   It protects you from cold.
   It insulates you from electricity.
   It affects your willpower, your defense against some magical effects.
   It may slow you when you take damage.
 L - a +6 ring of strength
Wands
 d - a wand of disintegration (69)
 t - a wand of flame (79)
 y - a wand of enslavement (41)
 D - a wand of iceblast (61)
 H - a wand of acid (31)
 I - a wand of polymorph (34)
 N - a wand of digging (29)
 Z - a wand of paralysis (29)
Scrolls
 a - 8 scrolls of blinking
 g - 34 scrolls of remove curse
 i - 16 scrolls of amnesia
 l - 7 scrolls of fear
 n - 22 scrolls of teleportation
 A - 26 scrolls of identify
 K - 13 scrolls of magic mapping
 M - 3 scrolls of silence
 O - 5 scrolls of summoning
 Q - a scroll of holy word
 T - 7 scrolls of immolation
 X - 6 scrolls of fog
Potions
 k - 10 potions of ambrosia
 m - 27 potions of curing
 o - 5 potions of flight
 v - 7 potions of magic
 B - 8 potions of haste
 G - 5 potions of might
 J - 8 potions of brilliance
 S - 3 potions of cancellation
 U - 4 potions of resistance
 V - 3 potions of mutation
 W - a potion of heal wounds
 Y - 2 potions of berserk rage


   Skills:
 O Level 27 Fighting
 + Level 1.9(17.5) Short Blades
 O Level 27 Long Blades
 + Level 25.6 Throwing
 O Level 27 Armour
 O Level 27 Dodging
 + Level 3.4 Stealth
 O Level 27 Shields
 * Level 6.1 Spellcasting
 + Level 0.1 Conjurations
 * Level 7.1 Transmutations
 + Level 0.1 Fire Magic
 O Level 27 Invocations
 * Level 24.1 Evocations


You had 17 spell levels left.
You knew the following spells:

 Your Spells              Type           Power        Failure   Level
a - Wereblood             Tmut           17%          7%          2
b - Fireball              Conj/Fire      1%           100%        5
c - Starburst             Conj/Fire      1%           100%        6
d - Ignition              Fire           1%           100%        8

Your spell library contained the following spells:

 Spells                   Type           Power        Failure   Level
 Beastly Appendage        Tmut           34%          4%          1
 Sting                    Tmut/Pois      40%          21%         1
 Passwall                 Tmut/Erth      8%           30%         2
 Spider Form              Tmut/Pois      5%           52%         3
 Animate Skeleton         Necr           6%           65%         1
 Apportation              Tloc           6%           65%         1
 Corona                   Hex            3%           65%         1
 Foxfire                  Conj/Fire      12%          65%         1
 Freeze                   Ice            12%          65%         1
 Magic Dart               Conj           12%          65%         1
 Sandblast                Erth           6%           65%         1
 Shock                    Conj/Air       12%          65%         1
 Summon Small Mammal      Summ           12%          65%         1
 Ignite Poison            Fire/Tmut/Pois 7%           69%         3
 Blade Hands              Tmut           8%           78%         5
 Blink                    Tloc           N/A          80%         2
 Call Imp                 Summ           3%           80%         2
 Ensorcelled Hibernation  Hex/Ice        6%           80%         2
 Poisonous Vapours        Pois/Air       6%           80%         2
 Slow                     Hex            3%           80%         2
 Sublimation of Blood     Necr           1%           80%         2
 Swiftness                Air            3%           80%         2
 Ice Form                 Ice/Tmut       10%          90%         4
 Petrify                  Tmut/Erth      10%          90%         4
 Call Canine Familiar     Summ           3%           95%         3
 Confusing Touch          Hex            3%           95%         3
 Conjure Flame            Conj/Fire      3%           95%         3
 Dazzling Flash           Conj/Hex       6%           95%         3
 Frozen Ramparts          Ice            6%           95%         3
 Gell's Gravitas          Tloc           1%           95%         3
 Inner Flame              Hex/Fire       3%           95%         3
 Lesser Beckoning         Tloc           1%           95%         3
 Mephitic Cloud           Conj/Pois/Air  3%           95%         3
 Ozocubu's Armour         Ice            3%           95%         3
 Portal Projectile        Hex/Tloc       6%           95%         3
 Static Discharge         Conj/Air       3%           95%         3
 Summon Guardian Golem    Hex/Summ       3%           95%         3
 Teleport Other           Tloc           3%           95%         3
 Tukima's Dance           Hex            3%           95%         3
 Alistair's Intoxication  Tmut/Pois      6%           99%         5
 Irradiate                Conj/Tmut      5%           99%         5
 Yara's Violent Unravell  Hex/Tmut       5%           99%         5
 Airstrike                Air            1%           100%        4
 Cause Fear               Hex            1%           100%        4
 Fulminant Prism          Conj/Hex       1%           100%        4
 Hailstorm                Conj/Ice       3%           100%        4
 Leda's Liquefaction      Hex/Erth       1%           100%        4
 Olgreb's Toxic Radiance  Pois           3%           100%        4
 Passage of Golubria      Tloc           N/A          100%        4
 Sticky Flame             Conj/Fire      3%           100%        4
 Summon Ice Beast         Ice/Summ       3%           100%        4
 Summon Lightning Spire   Summ/Air       3%           100%        4
 Agony                    Necr           3%           100%        5
 Bolt of Magma            Conj/Fire/Erth 1%           100%        5
 Borgnjor's Vile Clutch   Necr/Erth      1%           100%        5
 Excruciating Wounds      Necr           1%           100%        5
 Lee's Rapid Deconstruct  Erth           1%           100%        5
 Lightning Bolt           Conj/Air       1%           100%        5
 Metabolic Englaciation   Hex/Ice        1%           100%        5
 Silence                  Hex/Air        1%           100%        5
 Summon Demon             Summ           1%           100%        5
 Summon Forest            Summ/Tloc      1%           100%        5
 Summon Mana Viper        Hex/Summ       3%           100%        5
 Conjure Ball Lightning   Conj/Air       1%           100%        6
 Eringya's Noxious Bog    Tmut/Pois      5%           100%        6
 Freezing Cloud           Conj/Ice/Air   1%           100%        6
 Invisibility             Hex            3%           100%        6
 Shadow Creatures         Summ           N/A          100%        6
 Simulacrum               Ice/Necr       1%           100%        6
 Haunt                    Necr/Summ      1%           100%        7
 Malign Gateway           Summ/Tloc      1%           100%        7
 Monstrous Menagerie      Summ           1%           100%        7
 Summon Greater Demon     Summ           1%           100%        7
 Summon Hydra             Summ           1%           100%        7
 Borgnjor's Revivificati  Necr           1%           100%        8
 Discord                  Hex            1%           100%        8
 Infestation              Necr           1%           100%        8
 Necromutation            Tmut/Necr      5%           100%        8
 Summon Horrible Things   Summ           1%           100%        8
 Death's Door             Necr           1%           100%        9
 Shatter                  Erth           1%           100%        9
 Tornado                  Air            1%           100%        9


Dungeon Overview and Level Annotations

Branches:
Dungeon (15/15)            Temple (1/1) D:7            Lair (6/6) D:8
  Swamp (4/4) Lair:2        Snake (4/4) Lair:4        Slime (0/5) Lair:6
    Orc (2/2) D:10            Elf (3/3) Orc:2        Vaults (5/5) D:14
  Crypt (3/3) Vaults:2       Tomb (0/3) Crypt:3      Depths (5/5) D:15
   Hell (visited)             Dis (0/7) Hell            Geh (7/7) Hell
    Coc (7/7) Hell            Tar (7/7) Hell            Zot (0/5) Depths:5
Desolation (visited)

Altars:
Ashenzari
Cheibriados
Dithmenos
Elyvilon
Fedhas
Gozag
Hepliaklqana
Kikubaaqudgha
Makhleb
Nemelex Xobeh
Okawaru
Qazlal
Ru
Sif Muna
Trog
Uskayaw
Vehumet
Wu Jian
Xom
Yredelemnul
Zin
The Shining One
Beogh
Jiyva

Shops:
D:9 (   D:12 (   Orc:2 [}=?   Elf:1 [   Elf:3 [   Snake:4 *   Vaults:3 [
Depths:4 [((   Depths:5 (((:

Portals:
Hell: Depths:1 Depths:2 Depths:3 Depths:4 Depths:5
Abyss: Depths:4
Pandemonium: Depths:2 Depths:3 Depths:5
Ziggurat: Depths:5

Annotations:
D:11 2 transporters, mojasp's ghost, journeyman HOMo
Lair:2 exclusion: 4 oklob plants


Innate Abilities, Weirdness & Mutations

You reflexively headbutt those who attack you in melee.
You have a pair of horns on your head.
You have a beak for a mouth.
You have sharp fingernails.
You tend to lose your temper in combat.
Your mind is acute. (Int +2)
Your magical capacity is low. (-10% MP)
You occasionally shout uncontrollably at your foes.
You are resistant to electric shocks. (rElec)
You are weak. (Str -2)
Potions are less effective at restoring your health.


Message History

You peck the cherub, but do no damage.
The cherub is moderately wounded.
The cherub bites you but does no damage.
The seraph hits you with a +4 great sword of flaming!!!
* * * LOW HITPOINT WARNING * * *
The seraph burns you.
* * * LOW HITPOINT WARNING * * *
The seraph hits you but does no damage. The daeva hits you but does no damage.
The daeva hits you with a +3 scimitar of holy wrath!
* * * LOW HITPOINT WARNING * * *
The cherub hits you but does no damage. The cherub completely misses you.
The daeva blocks your attack.
Your headbutt misses the daeva. The daeva blocks your attack.
The daeva is heavily wounded.
The seraph no longer looks unusually strong.
The angel hits you but does no damage. You block the angel's attack. x2
The angel hits you with a +1 whip of holy wrath.
* * * LOW HITPOINT WARNING * * *
The seraph hits you with a +4 great sword of flaming!!
You die...

#..##..#######§#+#+#######..
#..##.......().§.§.§§§......
#..##........8§§.§§8.§......
#..##.......................
#..##..###################..
#..##..###8#8#8#8#8#8#8## .
#..##..##≈≈≈≈≈≈≈≈≈≈≈≈≈≈≈#
#..##..#8≈...§GA......(≈8
#..##..##≈...A@A.§)....≈#
#..##).'.....AAA§(§...)(.
#..##(.##≈......8§.....≈#
#..##≈≈#8≈....#.§.#....≈8
#..######≈..).#...#....≈#
#..#...#8≈...##._.# ...≈8
#..#...##≈≈≈####.## #≈≈≈#
#..###'###### #.# ####
#......# .A=


You could see a seraph, a daeva (summoned, strong), 2 angels, an ophan (strong)
and 2 cherubim.

Vanquished Creatures
  Cerebov (Pan)
  Antaeus (Coc:7)
  Asmodeus (Geh:7)
  Gloorx Vloq (Pan)
  Ereshkigal (Tar:7)
  Mnoleg (Pan)
  Lom Lobon (Pan)
  the Serpent of Hell (Coc:7)
  Mennas (Vaults:3)
  A juggernaut (Depths:4)
  11 pandemonium lords (Pan)
  Sojobo (Vaults:1)
  Saint Roka (Depths:3)
  39 shard shrikes
  Xtahua (Vaults:3)
  4 caustic shrikes (Depths:5)
  Geryon (Hell)
  4 golden dragons
  A profane servitor (Abyss:2)
  Jory (Vaults:5)
  39 bone dragons
  27 doom hounds
  87 Tzitzimimeh
  52 Brimstone Fiends
  15 liches
  32 Ice Fiends
  4 Hell Sentinels (Pan)
  5 titans
  A quicksilver dragon (Vaults:5)
  6 tentacled monstrosities
  4 tentacled starspawn (Abyss:2)
  4 deep elf blademasters (Elf:3)
  2 deep elf master archers (Elf:3)
  Frances (Swamp:2)
  5 sphinxes
  Gastronok (D:9)
  Agnes (Snake:2)
  17 Executioners
  A thorn hunter (Swamp:2)
  The ghost of raetorn the Swashbuckler, an adept VSBe of Trog (Snake:4)
  Kirke (Elf:1)
  7 ancient champions
  The ghost of stripedtigrrr the Peltast, an adept OpAK of Lugonu (Swamp:3)
  A storm dragon (Vaults:3)
  7 tengu reavers
  18 shadow dragons
  A fire giant (shapeshifter) (Vaults:5)
  A daeva (Pan)
  Donald (Snake:3)
  10 blood saints (Pan)
  7 warmongers (Pan)
  13 nagarajas
  A fenstrider witch (Swamp:2)
  4 deep elf sorcerers (Elf:3)
  3 draconian knights
  9 fire giants
  3 imperial myrmidons (Desolation)
  12 vault wardens
  51 balrugs
  28 cacodemons
  12 frost giants
  Aizul (Swamp:1)
  10 angels (Pan)
  2 iron dragons
  7 deep elf elementalists (Elf:3)
  4 curse skulls
  23 very ugly things
  4 draconian annihilators
  3 spriggan defenders
  4 ghouls
  92 reapers
  7 elemental wellsprings
  26 stone giants
  4 war gargoyles
  12 ironheart preservers
  7 ophanim (Pan)
  2 apis (Pan)
  22 vampire knights
  2 black draconians (Depths:5)
  11 black suns (Pan)
  71 large abominations
  13 corrupters (Pan)
  4 deep elf demonologists (Elf:3)
  17 lorocyprocas
  A halazid warlock (Desolation)
  2 yellow draconians (Depths:5)
  3 bunyips
  2 entropy weavers (Lair:4)
  6 deep elf annihilators
  2 white draconians (Depths:5)
  3 eidola
  8 spark wasps
  9 deep elf death magi
  6 eleionomae
  38 blizzard demons
  A crystal guardian (Desolation)
  22 green deaths (Pan)
  14 ettins
  9 fire dragons
  7 quicksilver dragon zombies
  A kraken zombie (Coc:4)
  11 yaktaur captains
  3 ragged hierophants (Desolation)
  6 deep elf high priests (Elf:3)
  24 jiangshi
  42 ice dragons
  Fannar (Lair:3)
  3 catoblepae
  8 quicksilver dragon skeletons
  7 great orbs of eyes
  A hydra (shapeshifter) (Vaults:5)
  22 naga warriors
  28 hydras
  10 rakshasas
  9 servants of whispers (Desolation)
  8 boulder beetles
  9 peacekeepers (Desolation)
  33 vault guards
  10 monstrous demonspawn (Pan)
  10 centaur warriors
  4 spriggan air magi
  3 hell beasts (Pan)
  7 tengu warriors
  5 ghost crabs
  46 two-headed ogres
  27 dancing weapons
  3 death yaks (Lair:3)
  8 anacondas
  A queen ant (Lair:4)
  5 death knights
  15 ogre magi
  5 deep troll shamans
  6 alligators
  58 hell hogs
  5 deep troll earth magi
  An orc high priest (Elf:3)
  9 titan zombies
  49 soul eaters
  24 vampire magi
  2 thrashing horrors (Abyss:2)
  91 sun demons
  21 deep elf knights
  5 spriggan berserkers
  26 naga sharpshooters
  2 fire crabs (shapeshifter)
  108 hell knights
  7 shock serpents
  181 skeletal warriors
  3 wretched stars (Abyss:2)
  2 iron golems (Hell)
  2 shock serpents (shapeshifter)
  13 storm dragon zombies
  A fire crab (Geh:2)
  15 titan skeletons
  23 anaconda zombies
  17 shadow wraiths
  6 iron trolls
  42 sixfirhies
  11 storm dragon skeletons
  9 golden dragon zombies
  4 goliath frogs
  An unseen horror (shapeshifter) (Depths:4)
  27 flayed ghosts
  6 death drakes
  2 salamander mystics
  42 shadow demons
  5 spriggan druids
  9 cherubim (Pan)
  3 ghost moth zombies
  A goliath frog (shapeshifter) (Depths:5)
  2 quicksilver dragon simulacra (Hell)
  13 swamp dragons
  10 gelid demonspawn (Pan)
  5 naga ritualists
  11 unseen horrors
  5 wizards
  14 deep trolls
  17 deep elf archers
  14 infernal demonspawn
  11 anaconda skeletons
  6 glowing orange brains
  3 kraken simulacra
  16 bog bodies
  3 torturous demonspawn
  An obsidian statue (Snake:4)
  11 ironbrand convokers
  A lindwurm (Lair:6)
  10 shadow dragon zombies
  5 wolf spider zombies
  38 phantasmal warriors
  8 iron dragon zombies
  15 golden dragon skeletons
  13 mana vipers
  12 orc knights
  Pikel (D:5)
  72 deep elf magi
  29 necromancers
  An orb spider (shapeshifter) (Depths:1)
  13 harpies
  4 orc sorcerers
  4 wolf spiders
  20 stone giant zombies
  49 ugly things
  12 frost giant zombies
  11 shadow dragon skeletons
  2 shining eyes (Abyss:3)
  6 will-o-the-wisps
  3 worldbinders
  10 cyclopes
  16 iron dragon skeletons
  12 fire giant zombies
  2 manticores
  A sphinx skeleton (Crypt:2)
  4 titan simulacra
  33 black mambas
  16 elephants
  9 frost giant skeletons
  16 salamanders
  11 stone giant skeletons
  14 guardian serpents
  3 shock serpent zombies
  3 centaur zombies
  12 rust devils
  8 dire elephant zombies
  Maurice (Orc:1)
  A black mamba (shapeshifter) (Depths:1)
  22 naga magi
  An eye of devastation (shapeshifter) (Vaults:5)
  16 molten gargoyles
  18 vault sentinels
  Psyche (D:9)
  A spectral spriggan (Swamp:3)
  35 orange demons
  Maggie (D:10)
  An eye of devastation (Pan)
  19 cane toads
  80 smoke demons
  A yaktaur zombie (Vaults:3)
  13 fire giant skeletons
  4 emperor scorpion zombies
  7 storm dragon simulacra
  4 centaur skeletons
  3 shock serpent skeletons
  3 ice statues
  5 torpor snails (Lair:6)
  18 dire elephant skeletons
  2 gargoyles
  2 kobold demonologists (D:14)
  A black draconian zombie (Crypt:1)
  A yellow draconian zombie (Geh:5)
  2 cane toads (shapeshifter)
  3 catoblepas zombies
  7 komodo dragons
  27 yaktaurs
  A red draconian zombie (Crypt:3)
  36 hellions
  A yaktaur (shapeshifter) (Depths:4)
  76 tormentors
  22 demonic crawlers
  8 anaconda simulacra
  45 ice devils
  5 tengu conjurers
  21 efreet
  56 freezing wraiths
  5 guardian mummies (Crypt:1)
  36 hydra zombies
  22 hellwings
  A white draconian skeleton (Crypt:1)
  79 red devils
  A pale draconian skeleton (Crypt:2)
  2 ancient zymes (Abyss:2)
  3 catoblepas skeletons
  8 silent spectres
  A jumping spider (shapeshifter) (Elf:3)
  A polar bear (shapeshifter) (Depths:4)
  2 bloated husks
  A wind drake (shapeshifter) (Elf:2)
  6 harpy zombies
  An iron troll skeleton (Crypt:3)
  A tengu simulacrum (Vaults:3)
  3 raiju (Lair:6)
  11 trolls
  9 polar bears (Lair:6)
  7 harpy skeletons
  3 meliai (D:15)
  18 hornets
  2 wolf spider simulacra
  20 hydra skeletons
  A dream sheep (shapeshifter) (Depths:5)
  16 tyrant leeches
  60 saltlings (Desolation)
  32 slime creatures
  7 blink frogs
  15 fire dragon zombies
  3 black mamba zombies
  8 dream sheep (Lair:6)
  A tarantella zombie (Crypt:2)
  21 alligator zombies
  16 ettin zombies
  An iron dragon simulacrum (Coc:5)
  10 ice dragon zombies
  52 shadows
  An eleionoma simulacrum (Swamp:3)
  4 fire giant simulacra
  A frost giant simulacrum (Tar:4)
  285 flying skulls
  10 fire dragon skeletons
  45 ynoxinuls
  8 ice dragon skeletons
  4 air elementals
  7 wyverns
  75 wraiths
  6 alligator skeletons
  4 starcursed masses (Abyss:2)
  56 yaks
  19 water elementals
  4 black mamba skeletons
  A yak (shapeshifter) (Depths:1)
  16 spriggans
  22 vampires (Crypt:3)
  50 fire elementals
  7 humans (D:14)
  33 chaos spawn
  8 ettin skeletons
  A wind drake skeleton (Crypt:2)
  3 basilisks
  4 hogs (Elf:1)
  A golden eye (Abyss:3)
  3 fire bats (Geh:2)
  34 neqoxecs
  A human (shapeshifter) (Vaults:2)
  2 vampire mosquitoes (D:15)
  An emperor scorpion simulacrum (Coc:1)
  A spatial vortex (Abyss:3)
  20 swamp worms
  62 nagas
  A harpy simulacrum (Coc:6)
  25 soldier ants (Lair:4)
  6 wargs
  A merfolk zombie (Coc:7)
  2 acid dragons
  9 water moccasins
  9 hydra simulacra
  17 cane toad zombies
  A deep troll skeleton (Crypt:2)
  A floating eye (Abyss:3)
  A floating eye (shapeshifter) (Vaults:5)
  115 hell hounds
  9 cane toad skeletons
  An ice beast (shapeshifter) (Depths:5)
  An infernal demonspawn skeleton (Tar:6)
  An orb spider zombie (Crypt:1)
  21 phantoms
  14 swamp drakes
  7 sky beasts
  13 black bears
  13 snapping turtle zombies
  3 alligator simulacra
  14 ice beasts
  2 eyes of draining (Abyss:3)
  5 manticore zombies
  35 orc warriors
  An eye of draining (shapeshifter) (Abyss:1)
  A lindwurm zombie (Crypt:3)
  A fire dragon simulacrum (Coc:1)
  2 ettin simulacra
  60 ogres
  2 swamp dragon zombies
  18 wolves
  A tengu (shapeshifter) (D:15)
  9 snapping turtle skeletons
  64 necrophages
  11 boggarts
  26 centaurs
  A lemure (D:5)
  7 manticore skeletons
  4 swamp dragon skeletons
  5 spriggan simulacra (Swamp:3)
  A hog skeleton (Crypt:3)
  3 big kobolds
  A tyrant leech simulacrum (Swamp:3)
  A big kobold (shapeshifter) (D:14)
  3 elf zombies
  23 bullfrogs
  26 small abominations
  Blork the orc (D:5)
  An ogre simulacrum (Vaults:1)
  2 elf skeletons
  A wyvern zombie (D:13)
  2 cane toad simulacra
  7 earth elementals
  4 scorpions
  A wyvern skeleton (D:10)
  2 troll zombies
  A water moccasin skeleton (Crypt:3)
  2 snapping turtle simulacra
  9 killer bees
  A spriggan zombie (Geh:5)
  A manticore simulacrum (Coc:7)
  10 howler monkeys
  3 troll skeletons
  198 wights
  5 electric eels
  14 crimson imps
  15 orc priests
  3 quasits
  An elf simulacrum (Coc:7)
  12 hounds
  10 jellies
  A bullfrog skeleton (D:12)
  4 iguanas
  4 iron imps
  27 orc wizards
  Jessica (D:3)
  7 human skeletons
  27 worker ants
  8 hell rats (Hell)
  A killer bee zombie (D:7)
  An ogre zombie (Geh:2)
  A demigod skeleton (Crypt:2)
  A felid skeleton (Crypt:1)
  A naga skeleton (Pan)
  A dwarf skeleton (Crypt:2)
  A hound zombie (D:6)
  A hound skeleton (D:5)
  A howler monkey zombie (D:11)
  4 mummies
  A worker ant zombie (D:11)
  4 gnolls (D:8)
  13 adders
  36 shadow imps
  26 white imps
  2 ufetubi (Abyss:2)
  3 adder zombies
  7 oozes
  An adder skeleton (D:9)
  3 worms
  A dart slug (D:3)
  4 leopard geckos
  96 orcs
  A ball python (D:8)
  A bat zombie (Crypt:2)
  8 giant cockroaches
  4 goblins
  5 hobgoblins
  11 jackals
  5 quokkas
  5 bats
  10 frilled lizards
  A frilled lizard zombie (Crypt:2)
  2 jackal zombies
  11 kobolds
  2 kobold skeletons
  An orc skeleton (Geh:7)
  A quokka zombie (D:8)
  16 rats
  2 ball lightnings (Pan)
  2 macabre masses (Abyss:3)
  2 pillars of salt (Elf:2)
  2 starspawn tentacles (Abyss:2)
  5 tentacles
6052 creatures vanquished.

Vanquished Creatures (collateral kills)
  Mara (Snake:3)
  A shard shrike (Coc:6)
  the Enchantress (Depths:3)
  A bone dragon (Tar:5)
  2 Tzitzimimeh
  A doom hound (Tar:5)
  A Brimstone Fiend (Geh:7)
  An Executioner (Pan)
  A shadow dragon (Tar:7)
  2 nagarajas (Snake:4)
  A fire giant (Geh:7)
  A balrug (Geh:7)
  A spriggan defender (Depths:3)
  10 reapers
  A black sun (Pan)
  An eleionoma (Swamp:4)
  An eidolon (Tar:7)
  2 blizzard demons (Pan)
  A green death (Pan)
  3 naga warriors (Snake:4)
  A rakshasa (Pan)
  2 spriggan air magi (Depths:3)
  2 hydras (Swamp:4)
  3 two-headed ogres (Orc:2)
  5 hell hogs
  A shock serpent (Snake:3)
  3 soul eaters (Tar:7)
  A vampire mage (Tar:7)
  A sun demon (Pan)
  2 titan skeletons
  7 skeletal warriors
  A shadow wraith (Tar:7)
  A glowing orange brain (Pan)
  A death drake (Tar:7)
  A golden dragon zombie (Coc:6)
  An unseen horror (Tar:7)
  A gelid demonspawn (Pan)
  A swamp dragon (Swamp:4)
  A shadow demon (Tar:7)
  4 bog bodies (Swamp:4)
  2 anaconda skeletons
  2 phantasmal warriors (Tar:7)
  A wizard (Pan)
  An iron dragon zombie (Tar:7)
  A shadow dragon skeleton (Coc:6)
  3 stone giant zombies
  A frost giant skeleton (Tar:7)
  A fire giant skeleton (Geh:7)
  A naga mage (Snake:4)
  A dire elephant skeleton (Tar:5)
  2 smoke demons (Pan)
  An emperor scorpion zombie (Geh:7)
  2 freezing wraiths (Coc:6)
  2 hellwings (Pan)
  2 hydra zombies
  3 red devils
  A hornet (Swamp:4)
  A hydra skeleton (Hell)
  An ettin zombie (Tar:7)
  An ice dragon zombie (Coc:6)
  An ettin skeleton (Geh:7)
  A spriggan (Swamp:4)
  4 flying skulls
  A shock serpent simulacrum (Coc:6)
  2 fire dragon skeletons (Geh:7)
  A ynoxinul (Pan)
  2 shadows (Tar:7)
  2 fire elementals (Hell)
  A wraith (Geh:7)
  5 nagas (Snake:4)
  A cane toad zombie (Coc:6)
  An orc warrior (Depths:3)
  A swamp drake (Swamp:4)
  An ice beast (Coc:6)
  A necrophage (Tar:5)
  An elf zombie (Tar:7)
  A troll zombie (Geh:7)
  6 wights
  A hell rat (Hell)
  3 shadow imps (Tar:7)
  A white imp (Hell)
  4 orcs
  A block of ice (Pan)
147 creatures vanquished.

Vanquished Creatures (others)
  An eldritch tentacle (Pan)
  2 nagarajas
  2 elemental wellsprings
  A draconian annihilator (Pan)
  A vampire knight (Tar:4)
  A blizzard demon (Coc:7)
  A rakshasa (Pan)
  A hell hog (Geh:3)
  A wretched star (Abyss:2)
  3 wizards (Pan)
  A deep elf mage (Elf:1)
  A smoke demon (Pan)
  A hellion (Geh:7)
  An ice dragon zombie (Geh:7)
  2 shadows
  2 water elementals (Elf:1)
  A wraith (Geh:6)
  A human (D:14)
  3 fire elementals
  A necrophage (Tar:7)
  4 wights
  A hell rat (Hell)
  A shadow imp (Tar:6)
  A white imp (Coc:7)
  An adder zombie (D:9)
  3 orcs
  An orc skeleton (Geh:5)
  2 ball lightnings (Pan)
  A briar patch (Pan)
  A bush (Swamp:4)
  16 foxfires
  51 fungi
  A lurking horror (Abyss:1)
  2 pillars of salt (Elf:2)
  86 plants
  6 starspawn tentacles (Abyss:2)
  22 tentacles
  3 withered plants (Crypt:3)
231 creatures vanquished.

Grand Total: 6430 creatures vanquished

Notes
Turn   | Place    | Note
-------+----------+-------------------------------------------
     0 | D:1      | Cykl0x the Minotaur Fighter began the quest for the Orb.
     0 | D:1      | Reached XP level 1. HP: 19/19 MP: 0/0
   390 | D:1      | Reached XP level 2. HP: 21/27 MP: 1/1
   848 | D:2      | Reached XP level 3. HP: 32/33 MP: 2/2
  1017 | D:2      | Noticed a centaur
  1027 | D:2      | Killed a centaur
  1028 | D:2      | Reached XP level 4. HP: 25/40 MP: 3/3
  1176 | D:2      | Reached skill level 1 in Dodging
  1262 | D:2      | Reached XP level 5. HP: 45/46 MP: 4/4
  2009 | D:3      | Reached skill level 5 in Armour
  2349 | D:3      | Found a broken altar of Ashenzari.
  2448 | D:3      | Reached skill level 5 in Shields
  2545 | D:3      | Noticed Jessica
  2558 | D:3      | Killed Jessica
  2719 | D:3      | Noticed a moth of wrath
  2722 | D:3      | Found a bloodstained altar of Trog.
  2737 | D:3      | Reached XP level 6. HP: 52/52 MP: 5/5
  2897 | D:4      | Reached skill level 5 in Long Blades
  3129 | D:4      | Found an ancient bone altar of Kikubaaqudgha.
  3148 | D:4      | Found a transporter.
  3175 | D:4      | Reached skill level 1 in Throwing
  3193 | D:4      | Found a transporter.
  3362 | D:4      | Reached XP level 7. HP: 60/60 MP: 6/6
  3625 | D:5      | Entered Level 5 of the Dungeon
  3844 | D:5      | Noticed Pikel
  3861 | D:5      | Killed Pikel
  3862 | D:5      | Reached skill level 5 in Fighting
  3862 | D:5      | Reached XP level 8. HP: 67/68 MP: 7/7
  3910 | D:5      | Found a shadowy altar of Dithmenos.
  3954 | D:5      | Reached skill level 1 in Evocations
  4277 | D:5      | Noticed Blork the orc
  4282 | D:5      | Killed Blork the orc
  4644 | D:5      | Found a glowing silver altar of Zin.
  4645 | D:5      | Noticed an angel
  4650 | D:5      | Became a worshipper of Zin the Law-Giver
  4650 | D:5      | Reached * piety under Zin
  4742 | D:6      | Reached XP level 9. HP: 74/74 MP: 8/8
  4759 | D:6      | Reached skill level 1 in Invocations
  4851 | D:6      | Found a burning altar of Makhleb.
  5123 | D:6      | Reached ** piety under Zin
  5718 | D:7      | Found a staircase to the Ecumenical Temple.
  5727 | Temple   | Entered the Ecumenical Temple
  5732 | Temple   | Fell from the grace of Zin
  5732 | Temple   | Became a worshipper of the Shining One
  5857 | D:7      | Reached * piety under the Shining One
  6289 | D:7      | Found a hide-covered altar of Uskayaw.
  6289 | D:7      | Found a blossoming altar of Fedhas.
  6378 | D:8      | Reached skill level 10 in Long Blades
  6783 | D:8      | Noticed an elephant
  6811 | D:8      | Killed an elephant
  6812 | D:8      | Reached XP level 10. HP: 83/83 MP: 11/11
  6825 | D:8      | Found a staircase to the Lair.
  6913 | D:8      | Paralysed by a hornet for 1 turns
  7488 | D:8      | Noticed a two-headed ogre
  7503 | D:8      | Killed a two-headed ogre
  7653 | D:9      | Noticed Psyche
  7665 | D:9      | Killed Psyche
  7725 | D:9      | Found a glowing golden altar of the Shining One.
  7766 | D:9      | Reached ** piety under the Shining One
  7775 | D:9      | Reached skill level 10 in Shields
  7899 | D:9      | Found Wisesygg's Antique Weapon Boutique.
  7965 | D:9      | Noticed a deep elf mage
  8007 | D:9      | Reached skill level 5 in Invocations
  8010 | D:9      | Killed a deep elf mage
  8226 | D:9      | Noticed Gastronok
  8261 | D:9      | Killed Gastronok
  8262 | D:9      | Reached XP level 11. HP: 79/92 MP: 12/14
  8734 | D:10     | Entered Level 10 of the Dungeon
  8734 | D:10     | Noticed Maggie
  8746 | D:10     | Killed Maggie
  8754 | D:10     | Reached skill level 5 in Throwing
  8879 | D:10     | Found a staircase to the Orcish Mines.
  9183 | D:10     | Reached *** piety under the Shining One
  9683 | D:11     | Noticed a two-headed ogre
  9693 | D:11     | Killed a two-headed ogre
  9735 | D:11     | Noticed a two-headed ogre
  9745 | D:11     | Killed a two-headed ogre
  9814 | D:11     | Found a transporter.
  9864 | D:11     | Found a transporter.
  9864 | D:11     | Noticed a death knight
  9864 | D:11     | Noticed mojasp's ghost (journeyman HOMo)
  9910 | D:11     | Reached **** piety under the Shining One
 10086 | D:11     | Noticed a brown ugly thing
 10114 | D:11     | Killed a brown ugly thing
 10172 | D:11     | Noticed a four-headed hydra
 10194 | D:11     | Killed a four-headed hydra
 10195 | D:11     | Reached XP level 12. HP: 41/101 MP: 16/16
 10618 | D:11     | Found a burning altar of Makhleb.
 10720 | D:12     | Noticed a two-headed ogre
 10733 | D:12     | Killed a two-headed ogre
 10998 | D:12     | Found Vaosamov's Antique Weapon Shoppe.
 11414 | D:12     | Found a viscous altar of Jiyva.
 11585 | D:12     | Noticed a boulder beetle
 11614 | D:12     | Killed a boulder beetle
 11861 | D:12     | Noticed a two-headed ogre
 11865 | D:12     | Noticed a seven-headed hydra
 11870 | D:12     | Killed a two-headed ogre
 11886 | D:12     | Killed an eight-headed hydra
 12275 | D:13     | Noticed a tengu warrior
 12307 | D:13     | Reached skill level 1 in Short Blades
 12319 | D:13     | Killed a tengu warrior
 12654 | D:13     | Found a stormy altar of Qazlal.
 13040 | D:13     | Noticed a boulder beetle
 13050 | D:13     | Killed a boulder beetle
 13196 | D:14     | Reached XP level 13. HP: 111/111 MP: 18/18
 13369 | D:14     | Gained mutation: You have sharp fingernails. [potion of
                  | mutation]
 13369 | D:14     | Gained mutation: You occasionally shout uncontrollably at
                  | your foes. [potion of mutation]
 13369 | D:14     | Gained mutation: You have a beak for a mouth. [potion of
                  | mutation]
 13370 | D:14     | Lost mutation: You occasionally shout uncontrollably at
                  | your foes. [potion of mutation]
 13370 | D:14     | Lost mutation: You have sharp fingernails. [potion of
                  | mutation]
 13370 | D:14     | Gained mutation: You tend to lose your temper in combat.
                  | [potion of mutation]
 13370 | D:14     | Gained mutation: Scrolls take you a little longer to read.
                  | [potion of mutation]
 13370 | D:14     | Gained mutation: You evolve. [potion of mutation]
 13738 | D:14     | Found a blossoming altar of Fedhas.
 13864 | D:14     | Reached ***** piety under the Shining One
 13998 | D:14     | Got a scintillating pewter ring
 14000 | D:14     | Identified the ring "Biocw" {rPois rF+ Str-4 Dex+4} (You
                  | found it on level 14 of the Dungeon)
 14117 | D:14     | Gained mutation: Your mind is acute. (Int +2) [evolution]
 14144 | D:14     | Reached skill level 10 in Fighting
 14144 | D:14     | Reached skill level 5 in Dodging
 14289 | D:14     | Found a gate to the Vaults.
 14295 | D:14     | Got a bloodstained kite shield
 14305 | D:14     | Identified the +8 kite shield of Pragmatism {Dex+5} (You
                  | found it on level 14 of the Dungeon)
 14788 | D:15     | Entered Level 15 of the Dungeon
 15049 | D:15     | Reached XP level 14. HP: 61/122 MP: 20/20
 15051 | D:15     | Reached skill level 15 in Shields
 15283 | D:15     | Found a staircase to the Depths.
 15619 | D:15     | Paralysed by a wizard for 7 turns
 16151 | D:15     | Paralysed by a wizard for 4 turns
 16684 | Lair:1   | Entered Level 1 of the Lair of Beasts
 17430 | Lair:1   | Identified a scroll of acquirement
 17430 | Lair:1   | Acquired 1134 gold pieces
 17866 | Lair:2   | Gained mutation: You are surrounded by a mild repulsion
                  | field. (EV +2) [evolution]
 17894 | Lair:2   | Reached skill level 10 in Invocations
 18217 | Lair:2   | Reached ****** piety under the Shining One
 18300 | Lair:2   | Found a staircase to the Swamp.
 18845 | Lair:2   | Reached skill level 10 in Armour
 19340 | Lair:3   | Noticed Fannar
 19378 | Lair:3   | Killed Fannar
 20483 | Lair:4   | Found a staircase to the Snake Pit.
 20756 | Lair:4   | Reached XP level 15. HP: 121/130 MP: 22/22
 21925 | Lair:5   | Gained mutation: You are partially covered in large bone
                  | plates. (SH +4) [evolution]
 22026 | Lair:6   | Entered Level 6 of the Lair of Beasts
 22453 | Lair:6   | Found a runed translucent door.
 22479 | Lair:6   | Found a viscous altar of Jiyva.
 22486 | Lair:6   | Found a staircase to the Slime Pits.
 22630 | Lair:6   | Reached skill level 15 in Long Blades
 23489 | Lair:6   | Found a runed translucent door.
 24038 | D:12     | Bought the +10 zealot's sword {holy, *Rage rN+ EV+3} for
                  | 2845 gold pieces
 24038 | D:12     | Found the +10 zealot's sword {holy, *Rage rN+ EV+3}
 24757 | Orc:1    | Entered Level 1 of the Orcish Mines
 24780 | Orc:1    | Found a roughly hewn altar of Beogh.
 25088 | Orc:2    | Entered Level 2 of the Orcish Mines
 25147 | Orc:1    | Noticed Maurice
 25176 | Orc:1    | Killed Maurice
 25421 | Orc:2    | Reached XP level 16. HP: 139/139 MP: 16/23
 25564 | Orc:2    | Found Aluste's Gadget Shoppe.
 25564 | Orc:2    | Found Jeat's Magic Scroll Boutique.
 25564 | Orc:2    | Found Vanlaqig's Armour Shop.
 25564 | Orc:2    | Found Emuis's Jewellery Shoppe.
 25696 | Orc:2    | Found a staircase to the Elven Halls.
 26045 | Orc:2    | Bought a scroll of acquirement for 728 gold pieces
 26047 | Orc:2    | Acquired a manual of Fighting
 26249 | Snake:1  | Entered Level 1 of the Snake Pit
 27606 | Snake:2  | Found a glowing golden altar of the Shining One.
 27818 | Snake:2  | Noticed Agnes
 27824 | Snake:2  | Killed Agnes
 27849 | Snake:2  | Reached skill level 10 in Throwing
 28157 | Snake:2  | Identified the cursed +0 ring mail "Lus Dionwira" {rC+
                  | Regen+ Str+4}
 29063 | Snake:3  | Reached XP level 17. HP: 142/150 MP: 25/25
 29635 | Snake:3  | Noticed Mara
 29657 | Snake:3  | Killed Mara
 30147 | Snake:3  | Noticed Donald
 30159 | Snake:3  | Killed Donald
 30276 | Snake:4  | Entered Level 4 of the Snake Pit
 30887 | Snake:4  | Gained mutation: Your muscles are strong. (Str +2)
                  | [evolution]
 31010 | Snake:4  | Found a runed translucent gate.
 31010 | Snake:4  | Found a runed translucent gate.
 31010 | Snake:4  | Found a runed translucent gate.
 31012 | Snake:4  | Found an opulent altar of Gozag.
 31013 | Snake:4  | Noticed raetorn's ghost (adept VSBe)
 31017 | Snake:4  | Found Urche Bao's Assorted Antiques.
 31038 | Snake:4  | Killed raetorn's ghost
 31059 | Snake:4  | Gained mutation: Your magical capacity is low. (-10% MP) [a
                  | neqoxec]
 31678 | Snake:4  | Reached skill level 15 in Fighting
 31739 | Snake:4  | Reached XP level 18. HP: 136/163 MP: 13/24
 32800 | Snake:4  | Got a serpentine rune of Zot
 33457 | Depths:1 | Entered Level 1 of the Depths
 33483 | Depths:1 | Found a runed translucent door.
 33560 | Depths:1 | Paralysed by a sphinx for 3 turns
 33935 | Depths:1 | Found a gateway to Hell.
 33967 | Depths:1 | Paralysed by an ogre mage for 4 turns
 34034 | Depths:1 | Found a broken altar of Ashenzari.
 34034 | Depths:1 | Identified the ring of Sokk {Ice Str+4}
 34591 | Depths:1 | Reached XP level 19. HP: 174/174 MP: 26/26
 35019 | Depths:2 | Reached skill level 15 in Invocations
 35052 | Depths:2 | Found the +7 lajatang of Order {silver, rMut}
 35746 | Depths:2 | Noticed a golden dragon
 35755 | Depths:2 | Killed a golden dragon
 36432 | Depths:2 | Found a one-way gate leading to the halls of Pandemonium.
 36902 | Depths:3 | Noticed Saint Roka
 36920 | Depths:3 | Killed Saint Roka
 37447 | Depths:3 | Noticed the Enchantress
 37463 | Depths:3 | Killed the Enchantress
 37838 | Depths:3 | Noticed a lich
 37852 | Depths:3 | Reached XP level 20. HP: 177/188 MP: 27/27
 38785 | Depths:4 | Found a one-way gate to the infinite horrors of the Abyss.
 38792 | Depths:4 | Found Geiwasuy's Weapon Shoppe.
 38809 | Depths:4 | Found Geta's Weapon Boutique.
 38826 | Depths:4 | Noticed a juggernaut
 38826 | Depths:4 | Noticed a golden dragon
 38850 | Depths:4 | Killed a juggernaut
 38864 | Depths:4 | Killed a golden dragon
 39661 | Depths:4 | Lost mutation: Scrolls take you a little longer to read.
                  | [evolution]
 39771 | Depths:4 | Found Awomn's Antique Armour Emporium.
 40192 | Depths:5 | Entered Level 5 of the Depths
 40192 | Depths:5 | Found a gateway to a ziggurat.
 40318 | Depths:5 | Found a gate to the Realm of Zot.
 40318 | Depths:5 | Noticed a golden dragon
 40318 | Depths:5 | Noticed a golden dragon
 40318 | Depths:5 | Noticed a bone dragon
 40318 | Depths:5 | Noticed a bone dragon
 40330 | Depths:5 | Killed a bone dragon
 40336 | Depths:5 | Killed a golden dragon
 40340 | Depths:5 | Killed a golden dragon
 40342 | Depths:5 | Killed a bone dragon
 40822 | Depths:5 | Reached XP level 21. HP: 147/198 MP: 28/28
 41002 | Depths:5 | Found Dymiweo's Weapon Emporium.
 41284 | Depths:5 | Acquired the +10 tower shield of Ignorance {rN+ Int-4}
 41285 | Depths:5 | Found the +10 tower shield of Ignorance {rN+ Int-4}
 41307 | Depths:5 | Found Sowovot's Antique Weapon Boutique.
 41742 | Depths:5 | Found the +3 sling "Punk" {acid, rCorr}
 41742 | Depths:5 | Found Fuurhyti's Weapon Boutique.
 41907 | Depths:5 | Found Kar Buapn's Book Emporium.
 41915 | Depths:5 | Noticed a caustic shrike
 41926 | Depths:5 | Killed a caustic shrike
 41928 | Depths:5 | Noticed a caustic shrike
 41934 | Depths:5 | Noticed a caustic shrike
 41935 | Depths:5 | Noticed a caustic shrike
 41936 | Depths:5 | Killed a caustic shrike
 41946 | Depths:5 | Killed a caustic shrike
 41956 | Depths:5 | Killed a caustic shrike
 42195 | Depths:5 | Gained mutation: You can translocate small distances at
                  | will. [evolution]
 42195 | Depths:5 | Lost mutation: You evolve. [end of evolution]
 42718 | Swamp:1  | Entered Level 1 of the Swamp
 43000 | Swamp:1  | Noticed Aizul
 43006 | Swamp:1  | Killed Aizul
 43550 | Swamp:2  | Got a steaming falchion
 43550 | Swamp:2  | Identified the +5 falchion of Demi {vorpal, Int+4} (You
                  | found it on level 2 of the Swamp)
 43747 | Swamp:2  | Noticed Frances
 43760 | Swamp:2  | Killed Frances
 43761 | Swamp:2  | Reached skill level 15 in Armour
 44614 | Swamp:3  | Found a runed translucent gate.
 44614 | Swamp:3  | Found a runed translucent gate.
 44614 | Swamp:3  | Found a runed translucent gate.
 44615 | Swamp:3  | Noticed stripedtigrrr's ghost (adept OpAK)
 44632 | Swamp:3  | Killed stripedtigrrr's ghost
 44963 | Swamp:4  | Entered Level 4 of the Swamp
 45228 | Swamp:4  | Reached XP level 22. HP: 185/209 MP: 14/29
 45400 | Swamp:4  | Got a decaying rune of Zot
 45999 | Vaults:1 | Entered Level 1 of the Vaults
 46250 | Vaults:1 | Paralysed by a sphinx for 7 turns
 46719 | Vaults:1 | Noticed Sojobo
 46740 | Vaults:1 | Killed Sojobo
 48109 | Vaults:2 | Found a staircase to the Crypt.
 48674 | Vaults:3 | Noticed Mennas
 48739 | Vaults:3 | Killed Mennas
 49114 | Vaults:3 | Identified the Grimoire of Floating Darkness
 49246 | Vaults:3 | Reached XP level 23. HP: 217/217 MP: 30/30
 49320 | Vaults:3 | Found Kedeen's Antique Armour Emporium.
 49372 | Vaults:3 | Noticed Xtahua
 49388 | Vaults:3 | Killed Xtahua
 50393 | Vaults:4 | Found a glowing silver altar of Zin.
 51868 | Vaults:5 | Entered Level 5 of the Vaults
 52177 | Vaults:4 | Reached skill level 27 in Shields
 52446 | Vaults:5 | Reached XP level 24. HP: 231/231 MP: 30/30
 53324 | Vaults:5 | Got a silver rune of Zot
 53653 | Vaults:5 | Got a pair of crude gloves
 53673 | Vaults:5 | Identified the +0 pair of gloves of Dim Light {Dex+2} (You
                  | found it on level 5 of the Vaults)
 53963 | Vaults:5 | Noticed Jory
 53979 | Vaults:5 | Killed Jory
 54525 | Vaults:5 | Acquired 1190 gold pieces
 54526 | Vaults:5 | Acquired a manual of Evocations
 54527 | Vaults:5 | Acquired 1096 gold pieces
 54528 | Vaults:5 | Acquired a scarf of resistance
 54827 | Elf:1    | Entered Level 1 of the Elven Halls
 54951 | Elf:1    | Noticed Kirke
 54969 | Elf:1    | Killed Kirke
 55236 | Elf:1    | Found Belog's Antique Armour Emporium.
 55953 | Elf:2    | Found a ruined gateway.
 55964 | Desolati | Entered the Desolation of Salt
 56051 | Desolati | Reached skill level 5 in Evocations
 56111 | Desolati | Identified the Reference Book on Creative Confrontation
 56541 | Desolati | Got a smoking pewter ring
 56543 | Desolati | Identified the ring of Xomux {SInv Stlth+} (You found it in
                  | the Desolation of Salt)
 56848 | Desolati | Reached XP level 25. HP: 240/240 MP: 30/30
 57479 | Elf:2    | Reached skill level 15 in Throwing
 57789 | Elf:2    | Found a runed translucent gate.
 57789 | Elf:2    | Found a runed translucent gate.
 57790 | Elf:2    | Found a runed translucent gate.
 58215 | Elf:3    | Entered Level 3 of the Elven Halls
 58322 | Elf:3    | Found Nivurinlaibb's Antique Armour Boutique.
 58811 | Elf:3    | Identified the amulet "Gitteos" {Spirit Str+6}
 58842 | Elf:3    | Got a sparkling brass ring
 58845 | Elf:3    | Identified the ring of Wesiggex {rPois Dex+4 Slay+3 Stlth+}
                  | (You found it on level 3 of the Elven Halls)
 58878 | Elf:3    | Identified the Volume of Ice and Execration
 59816 | Crypt:1  | Entered Level 1 of the Crypt
 61059 | Crypt:2  | Reached skill level 10 in Dodging
 61344 | Crypt:2  | Reached XP level 26. HP: 253/253 MP: 30/30
 61618 | Crypt:3  | Entered Level 3 of the Crypt
 61763 | Crypt:3  | Found an ancient bone altar of Kikubaaqudgha.
 61944 | Crypt:3  | Found a staircase to the Tomb.
 62017 | Crypt:3  | Reached skill level 10 in Evocations
 62124 | Crypt:3  | Got a slimy bronze ring
 62124 | Crypt:3  | Got a brightly glowing iron ring
 62124 | Crypt:3  | Got a shimmering pewter ring
 62126 | Crypt:3  | Identified the ring of the Furies {rC+ rN+ Slay+3} (You
                  | found it on level 3 of the Crypt)
 62128 | Crypt:3  | Identified the ring "Reuf" {rPois rF- rC++ rN+ Dex+2} (You
                  | found it on level 3 of the Crypt)
 62163 | Crypt:3  | Identified the ring "Hizalyo" {+Inv rN+} (You found it on
                  | level 3 of the Crypt)
 62237 | Crypt:3  | Acquired the ring of Xom's Ringing Laughter {rElec EV+4}
 63213 | Hell     | Entered the Vestibule of Hell
 63213 | Hell     | Noticed Geryon
 63325 | Hell     | Killed Geryon
 63560 | Hell     | Found a gateway to the decaying netherworld of Tartarus.
 63642 | Hell     | Found a gateway to the ashen valley of Gehenna.
 63681 | Hell     | Found a gateway to the Iron City of Dis.
 63726 | Hell     | Found a gateway to the freezing wastes of Cocytus.
 64070 | Geh:1    | Entered Level 1 of Gehenna
 64617 | Geh:1    | Reached XP level 27. HP: 264/264 MP: 30/30
 70037 | Geh:6    | Paralysed by a lich for 5 turns
 70247 | Geh:6    | Reached skill level 15 in Dodging
 70711 | Geh:6    | Reached skill level 27 in Fighting
 70891 | Geh:7    | Entered Level 7 of Gehenna
 71352 | Geh:7    | Reached skill level 27 in Long Blades
 71384 | Geh:7    | HP: 8/273 [Brimstone Fiend/damnation[the effects of Hell]
                  | (27)]
 71868 | Geh:7    | Identified the +7 sceptre of Asmodeus
 71868 | Geh:7    | Noticed Asmodeus
 71886 | Geh:7    | Killed Asmodeus
 71982 | Geh:7    | Got an obsidian rune of Zot
 72537 | Tar:1    | Entered Level 1 of Tartarus
 77008 | Tar:4    | Reached skill level 15 in Evocations
 79345 | Tar:5    | You fall into a shaft and drop 1 floor!
 80754 | Tar:7    | Entered Level 7 of Tartarus
 81195 | Tar:7    | Reached skill level 1 in Stealth
 82294 | Tar:7    | Got a transparent granite ring
 82302 | Tar:7    | Identified the ring of Xom's Wantonness {*Tele rF++ rC+
                  | MP+9 Str-2} (You found it on level 7 of Tartarus)
 82447 | Tar:7    | Noticed Ereshkigal
 82483 | Tar:7    | Killed Ereshkigal
 82506 | Tar:7    | Got a bone rune of Zot
 82805 | Tar:7    | Got a slimy steel amulet
 82806 | Tar:7    | Identified the amulet "Jut Hihu" {Reflect rElec Dex+4
                  | Slay-3 SH+5} (You found it on level 7 of Tartarus)
 83869 | Tar:7    | Reached skill level 27 in Armour
 84417 | Hell     | Upgraded the game from 0.26.0-45-g9c1d065592 to
                  | 0.26.0-57-g60708a5e39
 84420 | Coc:1    | Entered Level 1 of Cocytus
 84710 | Coc:1    | Found a burning altar of Makhleb.
 84966 | Coc:1    | Found a stormy altar of Qazlal.
 92658 | Coc:7    | Entered Level 7 of Cocytus
 92798 | Coc:7    | Noticed the Serpent of Hell
 92841 | Coc:7    | Killed the Serpent of Hell
 93306 | Coc:7    | Found the +8 Wrath of Trog {antimagic, *Rage}
 93314 | Coc:7    | Got a faintly glowing marble ring
 93318 | Coc:7    | Identified the Papyrus of Spatial Stones
 93325 | Coc:7    | Identified the Handbook of Supportive Heat
 93333 | Coc:7    | Identified the ring "Jengoh" {*Drain rN++ Str+6 Dex+2 SInv}
                  | (You found it on level 7 of Cocytus)
 93665 | Coc:7    | Noticed Antaeus
 93693 | Coc:7    | Killed Antaeus
 93824 | Coc:7    | Got an icy rune of Zot
 94154 | Depths:4 | Voluntarily entered the Abyss.
 94381 | Abyss:2  | Found a corrupted altar of Lugonu.
 94904 | Abyss:3  | Paralysed by a floating eye for 3 turns
 94957 | Abyss:3  | Paralysed by accursed screaming for 1 turns
 94968 | Abyss:3  | Paralysed by accursed screaming for 2 turns
 94986 | Abyss:3  | Got an abyssal rune of Zot
 94990 | Depths:4 | Escaped the Abyss
 95157 | Pan      | Entered Pandemonium
 95162 | Pan      | Gained mutation: Potions are less effective at restoring
                  | your health. [a cacodemon]
 95266 | Pan      | Identified the ring of Zintis {rPois rN+ Str-5 Int+4 SInv}
 95290 | Pan      | Noticed Nilaxoroma the pandemonium lord
 95303 | Pan      | Killed Nilaxoroma the pandemonium lord
 95304 | Pan      | Lost intelligence.
 95305 | Pan      | Reached skill level 27 in Invocations
 95839 | Pan      | Lost intelligence.
 96311 | Pan      | Noticed Wunommeme the pandemonium lord
 96334 | Pan      | Killed Wunommeme the pandemonium lord
 96472 | Pan      | Found an exit through the horrors of the Abyss.
 96725 | Pan      | Gained mutation: You are frail. (-10% HP) [a neqoxec]
 96790 | Pan      | Lost mutation: You are surrounded by a mild repulsion
                  | field. (EV +2) [potion of mutation]
 96790 | Pan      | Lost mutation: You are frail. (-10% HP) [potion of
                  | mutation]
 96790 | Pan      | Lost mutation: Your magical capacity is low. (-10% MP)
                  | [potion of mutation]
 96790 | Pan      | Gained mutation: Your flesh is cold resistant. (rC+)
                  | [potion of mutation]
 96790 | Pan      | Lost mutation: Your mind is acute. (Int +2) [potion of
                  | mutation]
 96790 | Pan      | Gained mutation: You have a pair of large horns on your
                  | head. [potion of mutation]
 96905 | Pan      | Gained mutation: You often lose your temper in combat. [a
                  | neqoxec]
 97035 | Pan      | Found a transporter.
 97090 | Pan      | Found a transporter.
 97298 | Pan      | Got a pair of ancient boots
 97303 | Pan      | Identified the cursed +0 pair of boots "Asajy" {rCorr Str+6
                  | SInv Stlth-} (You found it in Pandemonium)
 97322 | Pan      | Got a bound marble ring
 97325 | Pan      | Identified the ring "Jasel" {rCorr MP+9} (You found it in
                  | Pandemonium)
 98035 | Pan      | Found an exit through the horrors of the Abyss.
 98567 | Pan      | Noticed Qaetawy the pandemonium lord
 98587 | Pan      | Killed Qaetawy the pandemonium lord
 98629 | Pan      | Noticed Codiluts the pandemonium lord
 98631 | Pan      | Found a runed translucent door.
 98632 | Pan      | Killed Codiluts the pandemonium lord
 98637 | Pan      | Found a runed translucent door.
 98638 | Pan      | Got a demonic rune of Zot
 98642 | Pan      | Found a runed translucent door.
 98734 | Pan      | Found a runed translucent door.
 98785 | Pan      | Identified the Compendium of Malediction
 99723 | Pan      | Noticed Ihuuxzu the pandemonium lord
 99736 | Pan      | Killed Ihuuxzu the pandemonium lord
 99949 | Pan      | Entered the realm of Cerebov.
100336 | Pan      | Identified the +6 sword of Cerebov {flame}
100336 | Pan      | Noticed Cerebov
100360 | Pan      | Killed Cerebov
100422 | Pan      | Identified the Tome of the Supportive Blaze
100425 | Pan      | Got a crude bronze amulet
100449 | Pan      | Got a fiery rune of Zot
100528 | Pan      | Identified Kogester's Grimoire of the Mutagenic Glacier
100550 | Pan      | Identified the Volume of Blistering Orientation
100936 | Pan      | Identified the amulet of Inatynilae {Spirit Will+} (You
                  | found it in Pandemonium)
101112 | Pan      | Noticed Reunuata the pandemonium lord
101118 | Pan      | Paralysed by Reunuata for 4 turns
101126 | Pan      | Killed Reunuata the pandemonium lord
101650 | Pan      | Noticed Veinits the pandemonium lord
101660 | Pan      | Killed Veinits the pandemonium lord
102161 | Pan      | Learned a level 2 spell: Wereblood
102167 | Pan      | Learned a level 5 spell: Fireball
102174 | Pan      | Learned a level 6 spell: Starburst
102177 | Pan      | Found an exit through the horrors of the Abyss.
102431 | Pan      | Learned a level 8 spell: Ignition
102681 | Pan      | Entered the realm of Mnoleg.
102729 | Pan      | Reached skill level 1 in Transmutations
102745 | Pan      | Reached skill level 1 in Spellcasting
102804 | Pan      | Lost mutation: Your muscles are strong. (Str +2) [a
                  | neqoxec]
102821 | Pan      | Gained mutation: Armour fits poorly on your strangely
                  | shaped body. [a cacodemon]
102893 | Pan      | Found an exit through the horrors of the Abyss.
102903 | Pan      | Gained mutation: You are weak. (Str -2) [a neqoxec]
102972 | Pan      | Gained mutation: Your magical capacity is low. (-10% MP) [a
                  | neqoxec]
102981 | Pan      | Lost mutation: Your magical capacity is low. (-10% MP)
                  | [potion of mutation]
102981 | Pan      | Lost mutation: You are partially covered in large bone
                  | plates. (SH +4) [potion of mutation]
102981 | Pan      | Gained mutation: You are agile. (Dex +2) [potion of
                  | mutation]
102982 | Pan      | Lost mutation: You are weak. (Str -2) [potion of mutation]
102982 | Pan      | Lost mutation: You have a pair of large horns on your head.
                  | [potion of mutation]
102982 | Pan      | Lost mutation: Your flesh is cold resistant. (rC+) [potion
                  | of mutation]
102982 | Pan      | Lost mutation: Armour fits poorly on your strangely shaped
                  | body. [potion of mutation]
102982 | Pan      | Gained mutation: You are resistant to electric shocks.
                  | (rElec) [potion of mutation]
103078 | Pan      | Noticed Mnoleg
103092 | Pan      | Paralysed by a floating eye for 3 turns
103101 | Pan      | Paralysed by a floating eye for 2 turns
103110 | Pan      | Paralysed by a floating eye for 2 turns
103114 | Pan      | Killed Mnoleg
103132 | Pan      | Gained mutation: Your spells are a little easier to cast,
                  | but a little less powerful. [a neqoxec]
103133 | Pan      | Gained mutation: You occasionally shout uncontrollably at
                  | your foes. [a neqoxec]
103153 | Pan      | Gained mutation: You have an uncontrollable temper. [a
                  | neqoxec]
103170 | Pan      | Lost mutation: You have an uncontrollable temper. [potion
                  | of mutation]
103170 | Pan      | Lost mutation: You can translocate small distances at will.
                  | [potion of mutation]
103170 | Pan      | Gained mutation: You have large cloven feet. [potion of
                  | mutation]
103170 | Pan      | Lost mutation: You occasionally shout uncontrollably at
                  | your foes. [potion of mutation]
103170 | Pan      | Gained mutation: Your mind is acute. (Int +2) [potion of
                  | mutation]
103170 | Pan      | Gained mutation: You are strong-willed. (Will+) [potion of
                  | mutation]
103175 | Pan      | Gained mutation: Your magical capacity is low. (-10% MP) [a
                  | cacodemon]
103196 | Pan      | Got a glowing rune of Zot
103612 | Pan      | Gained mutation: You occasionally shout uncontrollably at
                  | your foes. [a cacodemon]
103620 | Pan      | Lost mutation: Your spells are a little easier to cast, but
                  | a little less powerful. [a neqoxec]
103621 | Pan      | Gained mutation: Scrolls take you a little longer to read.
                  | [a cacodemon]
103631 | Pan      | Lost mutation: Scrolls take you a little longer to read. [a
                  | cacodemon]
103635 | Pan      | Gained mutation: You are frail. (-10% HP) [a neqoxec]
103637 | Pan      | Gained mutation: You sometimes yell uncontrollably at your
                  | foes. [a neqoxec]
103651 | Pan      | Gained mutation: Scrolls take you a little longer to read.
                  | [a cacodemon]
103669 | Pan      | Lost mutation: You are agile. (Dex +2) [potion of mutation]
103669 | Pan      | Lost mutation: You have large cloven feet. [potion of
                  | mutation]
103669 | Pan      | Lost mutation: You often lose your temper in combat.
                  | [potion of mutation]
103669 | Pan      | Lost mutation: You are frail. (-10% HP) [potion of
                  | mutation]
103669 | Pan      | Gained mutation: You have sharp fingernails. [potion of
                  | mutation]
103670 | Pan      | Lost mutation: Your mind is acute. (Int +2) [potion of
                  | mutation]
103670 | Pan      | Lost mutation: Scrolls take you a little longer to read.
                  | [potion of mutation]
103670 | Pan      | Lost mutation: You sometimes yell uncontrollably at your
                  | foes. [potion of mutation]
103670 | Pan      | Lost mutation: You are strong-willed. (Will+) [potion of
                  | mutation]
103670 | Pan      | Gained mutation: Your mind is acute. (Int +2) [potion of
                  | mutation]
103741 | Pan      | Found an exit through the horrors of the Abyss.
103852 | Pan      | Entered the realm of Lom Lobon.
103852 | Pan      | Noticed Lom Lobon
103874 | Pan      | Killed Lom Lobon
103893 | Pan      | Got a magical rune of Zot
104090 | Pan      | Cast into level 3 of the Abyss (a lich)
104104 | Pan      | Escaped the Abyss
104202 | Pan      | Found an exit through the horrors of the Abyss.
104856 | Pan      | Noticed Vicenosch the pandemonium lord
104864 | Pan      | Killed Vicenosch the pandemonium lord
105472 | Pan      | Found a transporter.
105533 | Pan      | Found an exit through the horrors of the Abyss.
105720 | Pan      | Identified the cursed +0 pair of gloves "Puarapt" {Harm
                  | rCorr Str+4 Stlth-} (You found it in Pandemonium)
105888 | Pan      | Found a transporter.
106221 | Pan      | Reached skill level 27 in Dodging
106372 | Pan      | Found an exit through the horrors of the Abyss.
106797 | Pan      | Reached skill level 5 in Transmutations
107224 | Pan      | Noticed Zoceyst the pandemonium lord
107235 | Pan      | Killed Zoceyst the pandemonium lord
107439 | Pan      | Entered the realm of Gloorx Vloq.
107440 | Pan      | Noticed Gloorx Vloq
107452 | Pan      | Killed Gloorx Vloq
107479 | Pan      | Got a dark rune of Zot
107497 | Pan      | Reached skill level 5 in Spellcasting
108202 | Pan      | Found an exit through the horrors of the Abyss.
108527 | Pan      | Noticed Misulipo the pandemonium lord
108532 | Pan      | Gained mutation: You are weak. (Str -2) [a neqoxec]
108546 | Pan      | Killed Misulipo the pandemonium lord
108786 | Pan      | Found an exit through the horrors of the Abyss.
108837 | Pan      | Acquired the ring "Tune" {*Slow rElec rC+ Will+++ Int+4}
109207 | Pan      | Found an exit through the horrors of the Abyss.
109512 | Pan      | Noticed Qyla the pandemonium lord
109525 | Pan      | Killed Qyla the pandemonium lord
110074 | Pan      | Identified the cursed +0 buckler of Spite {*Slow rF++ Str-4
                  | Stlth+}
110110 | Pan      | Found a glowing golden altar of the Shining One.
110144 | Pan      | Identified the +1 chain mail of the Yeti {-Cast rElec rCorr
                  | Slay+3}
110144 | Pan      | Identified the ring "Daomu" {*Corrode rPois Str+4 Dex+5}
110144 | Pan      | Noticed a seraph
110168 | Pan      | Slain by a seraph

Illustrated notes

Levels and vault maps discovered:
D:1:      minmay_arrival_widening_spiral_wide, layout_basic, nrook_uturn,
          kennysheep_decorative_pillar
D:2:      minmay_inner_zag, layout_loops_corners
D:3:      layout_loops_ring, tgw_trog, lemuel_crystal_altar, uniq_jessica
D:4:      gammafunk_steamed_eel, layout_rooms, kennysheep_mini,
          grunt_decor_clamped
D:5:      layout_basic, zin_angel, general_overflow_altar, serial_corexii_hall,
          corexii_hall_statues_l, corexii_hall_statues_u,
          corexii_hall_statues_i, corexii_hall_statues_l, uniq_blork_the_orc,
          uniq_pikel
D:6:      layout_loops_corners, makhleb_heckhound_becter
D:7:      layout_basic, gammafunk_temple_overflow_elements,
          minmay_temple_entry_wispy
D:8:      layout_loops_ring, david_lair_generic, serial_co_window_serial,
          co_window_corner_a, co_window_corner_a, co_window_of_opportunity_a,
          co_window_corner_a, co_window_paths_a, co_window_paths_a,
          co_window_2corner, co_window_cross_2, co_window_unsneaky_path_d,
          co_window_cross_3, co_window_broadway_c, co_window_of_opportunity_c,
          co_window_of_opportunity_c, glass_columns_c
D:9:      layout_basic, serial_shops, nicolae_shop_window_shopping,
          tso_metal_star, uniq_gastronok, uniq_psyche
D:10:     layout_long_grid, erik_orc_4, uniq_maggie
D:11:     layout_roguey, gammafunk_ghost_mausoleum, pf_just_have_faith
D:12:     layout_basic, serial_shops, shop, jiyva_altar_1
D:13:     layout_long_grid, grunt_ministairs_7, nicolae_qazlal_general_emergency
D:14:     layout_loops_ring, ximxim_vaults_locker_room, fedhas_altar_3
D:15:     gammafunk_enter_depths_forms, layout_rooms, serial_aquarium,
          aquarium_bridge_square [aquarium_subvault_bridge,
          aquarium_subvault_bridge, aquarium_subvault_wall,
          aquarium_subvault_window], aquarium_window_1, aquarium_window_1,
          aquarium_window_fake, aquarium_view_2c, aquarium_view_2d,
          abandoned_shop
Temple:   minmay_freezing_vapour_temple
Lair:1:   layout_cave_pods
Lair:2:   layout_regular_city, skrybe_swamp_entry_bodies, serial_bayou_shore_b,
          grunt_megastairs_5, infiniplex_staircase_pool, serial_bayou_shore_a,
          minmay_lair_oklob_chamber, lemuel_fruit_fields
Lair:3:   layout_gridlike, uniq_fannar
Lair:4:   layout_loops_ring, guppyfry_snake_entry_garden, zaba_anthell,
          lemuel_fruit_tree
Lair:5:   layout_hall_layers, cheibrodos_lair_caveside_slide, grunt_megastairs_4
Lair:6:   hangedman_lair_caniforms_friends, layout_loops_ring, wormcave,
          slime_altar_2, infiniplex_staircase_pool_2
Swamp:1:  layout_basic_swamp, nicolae_swamp_orc_logging_accident, swamp_pool5,
          st_swamp_ruins_1, uniq_aizul
Swamp:2:  layout_basic_swamp, evilmike_swamp_ruin_house_3, uniq_frances
Swamp:3:  layout_basic_swamp, gammafunk_ghost_necromancy,
          hangedman_swamp_diagram
Swamp:4:  grunt_swamp_rune_castle, layout_basic_swamp
Snake:1:  layout_gridlike, grunt_ministairs_5, nrook_guardian_serpent_ordinary
Snake:2:  layout_cave_shapes, basic_altar, uniq_agnes
Snake:3:  layout_cave_town, uniq_donald, uniq_mara
Snake:4:  grunt_snake_rune_spirals, layout_onion, ebering_ghost_gozag
Orc:1:    layout_caves, basic_altar, uniq_maurice
Orc:2:    st_orc_ogre_mass, layout_caves
Elf:1:    elf_arrival_002, layout_loops_corners, serial_shops, shop,
          minivault_28, minmay_fountain_box, uniq_kirke
Elf:2:    layout_onion_city, portal_desolation_entry_garden
Elf:3:    minmay_elf_hall_not_hex, layout_onion_city, serial_shops, shop,
          st_stairs_2, grunt_megastairs_1
Vaults:1: hangedman_vaults_capsules, nicolae_vaults_network_square, v_misc_28,
          v_alt_pattern_6, nicolae_vaults_yaktaur_gun_rack, grunt_vaults_swirl,
          vaults_dpeg_ring, nicolae_vaults_specimen_jars, sword_in_stone,
          v_alt_pattern_3, layout_vaults_omnibox
Vaults:2: v_misc_5, nicolae_vaults_little_squares_5, hangedman_vaults_nails,
          nicolae_vaults_little_squares_4, vaults_mumra_hexcomb, v_rooms_6,
          v_misc_12, v_pattern_1, nicolae_vaults_big_angled_halls,
          minmay_crypt_entry_simple_sparse, nicolae_vaults_little_ls,
          layout_vaults_big_room
Vaults:3: ontoclasm_vaults_hangar, nicolae_vaults_fighting_squares, v_misc_24,
          ontoclasm_vaults_pinch, nicolae_vaults_arrows,
          ontoclasm_vaults_ring_large, v_misc_5, nicolae_vaults_puzzle_piece,
          vaults_standard_mumra_lines, layout_vaults_maze, serial_glass,
          serial_shops, shop, uniq_xtahua, uniq_mennas, uniq_sojobo
Vaults:4: grunt_vaults_bifocal, vaults_room_ringed_pool, grunt_vaults_focal,
          vaults_room_fancy_cross, vaults_room_glass_cross, vaults_dpeg_spiral,
          grunt_vaults_funnel, v_misc_30, v_misc_12, layout_vaults_ring,
          basic_altar
Vaults:5: uniq_margery, uniq_jory
Crypt:1:  layout_misc_corridors, st_burial_chamber
Crypt:2:  layout_rooms, roderic_lattice_octagonal_star
Crypt:3:  due_elkab, layout_chaotic_city, tomb_entry_forgotten_bobbens,
          basic_altar, minivault_11, st_stairs_8
Depths:1: layout_honeycomb, hellmouth_3, evilmike_ruin_ashenzari,
          kennysheep_treasure_room
Depths:2: kennysheep_oblong_rooms, layout_gridville,
          pf_vacation_house_of_asmodeus, rand_demon_pan_entry_4,
          hangedman_cracks_in_the_wall, minmay_staircase_bubble
Depths:3: cheibrodos_lost_city_excavation, layout_gridlike,
          rand_demon_pan_entry_7, pf_coc_iceberg, serial_bayou_shore_b,
          uniq_saint_roka, uniq_enchantress
Depths:4: hourglass_vault, layout_basic, serial_shops,
          nicolae_shop_behind_doors, nicolae_shop_waterfront, shop, hellmouth_1,
          hangedman_abyss_entry_splay, minmay_misc_feat_chi,
          nicolae_two_hexagons
Depths:5: grunt_zot_entry_funnels, layout_gridville, enter_ziggurat_a,
          grunt_pan_entry_in_and_out, minmay_strange_pillars, serial_shops,
          shop, shop_coins, shop, shop, hell_entry, serial_bayou_shore_b
Hell
Geh:1:    layout_gehenna_lava_caves
Geh:2:    layout_gehenna_lava_caves
Geh:3:    layout_gehenna_pools_box, lemuel_elevator
Geh:4:    layout_gehenna_pools_triple
Geh:5:    layout_gehenna_lava_caves
Geh:6:    layout_gehenna_pools_triple, nicolae_geh_fiery_graves
          [nicolae_geh_single_fiery_grave, nicolae_geh_single_fiery_grave,
          nicolae_geh_single_fiery_grave, nicolae_geh_single_fiery_grave,
          nicolae_geh_single_fiery_grave, nicolae_geh_single_fiery_grave,
          nicolae_geh_single_fiery_grave, nicolae_geh_single_fiery_grave,
          nicolae_geh_single_fiery_grave], lemuel_flamethrower_2
Geh:7:    geh_hangedman
Coc:1:    layout_cocytus_water_paths, hangedman_feature_mirror
Coc:2:    layout_ice_bergs
Coc:3:    layout_cocytus_water_paths
Coc:4:    layout_cocytus_water_paths
Coc:5:    layout_ice_bergs
Coc:6:    layout_ice_bergs
Coc:7:    coc_hangedman
Tar:1:    layout_grid_maze
Tar:2:    layout_grid_maze
Tar:3:    layout_grid_maze
Tar:4:    layout_grid_maze
Tar:5:    layout_cathedral_of_symmetry, nicolae_tar_cuneiform_three,
          lemuel_elevator
Tar:6:    layout_cathedral_of_symmetry, lemuel_elevator
Tar:7:    tar_mu [tar_mu_maze]
Pan:      evilmike_mini_pan_3x3, layout_gridlike, pan_blood_fountain_2,
          reaverb_pan_squares, nicolae_pan_mnolegish_3, evilmike_mini_pan_3x3,
          layout_rooms, nicolae_pan_gloorx_vloqian_3, gammafunk_the_bubble
          [the_bubble_gammafunk_plus_minus], layout_cellular_growth,
          evilmike_mini_pan_other_thingy, layout_onion_city, rand_demon_7,
          layout_grid_shapes, pan_blood_fountain_small,
          nicolae_pan_strange_glyphs [nicolae_pan_strange_glyph_humiliation,
          nicolae_pan_strange_glyph_envy, nicolae_pan_strange_glyph_fear,
          nicolae_pan_strange_glyph_acedia], evilmike_mini_pan_corridor,
          layout_basic, cerebov_grunt, layout_basic, evilmike_mini_pan_doors,
          layout_rooms, evilmike_mini_pan_corner, layout_pan_divisions_a
          [pan_division_quadrant_a4, pan_division_quadrant_a2,
          pan_division_quadrant_a5, pan_division_quadrant_a2,
          pan_division_octagon_box], pan_blood_fountain_small, mnoleg_st,
          layout_basic, nicolae_pan_sick_transit, lom_lobon_grunt, layout_rooms,
          nicolae_pan_cerebovesque_3, nicolae_pan_strange_glyphs
          [nicolae_pan_strange_glyph_disgust,
          nicolae_pan_strange_glyph_melancholia,
          nicolae_pan_strange_glyph_contempt], evilmike_mini_pan_possible_glass,
          layout_gridville, gammafunk_its_a_trap, layout_irregular_city,
          nicolae_pan_sick_transit, lemuel_hall_of_pain, layout_long_grid,
          nicolae_pan_mnolegish_1, gloorx_vloq, layout_onion_city,
          pan_blood_fountain_small, rand_demon_1, layout_pan_divisions_a
          [pan_division_quadrant_a3, pan_division_quadrant_a5,
          pan_division_quadrant_a2, pan_division_quadrant_a3,
          pan_division_octagon_empty], grunt_pan_sceptre, layout_small_grid,
          reaverb_pan_chaos_star, evilmike_holy_pan

Skill      XL: |  1  2  3  4  5  6  7  8  9 10 11 12 13 14 15 16 17 18 19 20 21 22 23 24 25 26 27 |
---------------+----------------------------------------------------------------------------------+-----
Armour         | 4 5 6 7 8 9 10 11 12 13 14 15 16 17 18 27 | 27.0
Shields        | 4 5 6 7 9 10 12 13 14 16 18 19 20 21 22 23 24 26 27 | 27.0
Long Blades    | 3 4 6 8 9 10 11 12 13 14 15 16 17 18 19 20 21 22 23 24 27 | 27.0
Dodging        | 1 2 3 4 5 8 10 12 27 | 27.0
Fighting       | 4 5 6 7 8 9 10 11 13 15 16 18 19 20 21 22 23 24 27 | 27.0
Throwing       | 1 3 4 5 7 8 9 10 11 12 13 14 15 25 | 25.6
Evocations     | 1 5 9 11 24 | 24.1
Invocations    | 3 5 6 8 9 10 11 13 14 15 16 27 | 27.0
Short Blades   | 1 |  1.9
Stealth        | 3 |  3.4
Transmutations | 7 |  7.1
Spellcasting   | 6 |  6.1
Conjurations   | |  0.1
Fire Magic     | |  0.1

Action                   |  1- 3 |  4- 6 |  7- 9 | 10-12 | 13-15 | 16-18 | 19-21 | 22-24 | 25-27 || total
-------------------------+-------+-------+-------+-------+-------+-------+-------+-------+-------++-------
Melee: Long sword        |    70 |    77 |       |       |       |       |       |       |       ||   147
       Headbutt          |    12 |    24 |    57 |   200 |   624 |   312 |   378 |   461 |  2713 ||  4781
       Falchion          |       |   105 |   261 |   770 |  1890 |       |       |       |       ||  3026
       Dagger            |       |       |       |    34 |    26 |       |       |       |       ||    60
       Peck              |       |       |       |       |   582 |   266 |   371 |   449 |  2535 ||  4203
       Eudemon blade     |       |       |       |       |    91 |   996 |  1157 |  1555 |  8760 || 12559
Throw: Stone             |    10 |    32 |    16 |     2 |   102 |       |       |       |       ||   162
       Boomerang         |       |       |    30 |   174 |    67 |   236 |   242 |   102 |   491 ||  1342
       Dart              |       |       |     2 |     6 |       |       |       |       |       ||     8
       Javelin           |       |       |       |       |    37 |    21 |    10 |    67 |    36 ||   171
Invok: Divine Shield     |       |       |       |     3 |     3 |     8 |     6 |     2 |    17 ||    39
       Cleansing Flame   |       |       |       |     1 |     1 |     1 |     1 |     7 |    68 ||    79
       Summon Divine War |       |       |       |       |     1 |     6 |     5 |       |    27 ||    39
 Abil: Blink             |       |       |       |       |       |       |       |       |     1 ||     1
Evoke: Wand              |       |       |     4 |     1 |     9 |     6 |     2 |       |   127 ||   149
  Use: Scroll            |     7 |     7 |     7 |     7 |     9 |     3 |     8 |    13 |    27 ||    88
       Potion            |       |       |     1 |     1 |     7 |     3 |     8 |     1 |    31 ||    52
Armor: Scale mail        |    39 |     9 |       |       |       |       |       |       |       ||    48
       Chain mail        |       |    38 |    99 |   175 |    58 |       |       |       |       ||   370
       Plate armour      |       |       |       |       |   213 |    76 |    64 |       |       ||   353
       Gold dragon scale |       |       |       |       |       |       |    90 |   195 |   963 ||  1248
Dodge: Dodged            |    30 |    56 |    85 |   192 |   256 |   150 |   209 |   200 |  2123 ||  3301
Block: Kite shield       |    40 |    95 |   153 |   615 |  1703 |  1256 |   803 |       |       ||  4665
       Reflection        |       |       |     1 |    26 |    17 |   245 |    49 |   134 |   214 ||   686
       Tower shield      |       |       |       |       |       |       |   400 |  1814 | 10866 || 13080
       Rpst.: Long sword |    10 |     5 |       |       |       |       |       |       |       ||    15
       Falchion          |       |     9 |    19 |    27 |    50 |       |       |       |       ||   105
       Eudemon blade     |       |       |       |       |     5 |    19 |    14 |    31 |   306 ||   375
